 Dungeon Crawl Stone Soup version 0.29.0-4-gdea44cf6ec (webtiles) character file.

Game seed: 10926763367471813951

163 qw the Chopper (level 5, 0/32 HPs)
             Began as a Gargoyle Berserker on Sept 7, 2022.
             Was a Believer of Trog.
             Slain by Menkaure (15 damage)
             ... on level 4 of the Dungeon.
             The game lasted 00:00:59 (2968 turns).

qw the Chopper (Gargoyle Berserker)                 Turns: 2968, Time: 00:01:00

Health: 0/32       AC: 13    Str: 23    XL:     5   Next: 44%
Magic:  5/5        EV: 10    Int:  7    God:    Trog [**....]
Gold:   177        SH:  0    Dex:  9    Spells: 4/4 levels left

rFire   . . .      SeeInvis .   Y - +0 war axe
rCold   + . .      Faith    .   (no shield)
rNeg    + . .      Spirit   .   f - +0 scale mail
rPois   inf        Reflect  .   (no helmet)
rElec   +          Harm     .   (no cloak)
rCorr   .          Rampage  .   g - +2 pair of gloves
Will    .....                   (no boots)
Stlth   ..........              (no amulet)
HPRegen 0.10/turn               l - ring of protection from cold
MPRegen 0.09/turn               (no ring)

@: on berserk cooldown, slowed, very slow
A: sickness immunity, AC +4, negative energy resistance 1, electricity
resistance, torment resistance 1, petrification resistance
a: Renounce Religion, Berserk, Trog's Hand


You were on level 4 of the Dungeon.
You worshipped Trog.
Trog was pleased with you.
You visited 1 branch of the dungeon, and saw 4 of its levels.

You collected 177 gold pieces.


Innate Abilities, Weirdness & Mutations

You are immune to sickness and miasma.
Your stone body is resilient. (AC +4)
You are immune to poison.
You resist negative energy. (rN+)
You are resistant to electric shocks. (rElec)
You are resistant to unholy torment.
You are immune to petrification.


   Skills:
 + Level 3.3 Fighting
 - Level 5.2 Axes
 - Level 1.0 Throwing
 - Level 2.1 Armour
 - Level 1.5 Dodging


You had 4 spell levels left.
You didn't know any spells.
Your spell library was empty.

Inventory:

Hand Weapons
 e - a +3 flail
 Y - a +0 war axe (weapon)
Missiles
 m - 5 javelins (quivered)
Armour
 f - a +0 scale mail (worn)
 g - a +2 pair of gloves (worn)
Jewellery
 l - a ring of protection from cold (left hand)
Scrolls
 a - a scroll of identify
Potions
 b - a potion of cancellation {unknown}
 c - a potion of curing
 d - a potion of mutation
 i - a potion of haste

Dungeon Overview and Level Annotations

Branches:
Dungeon (4/15)
 Temple: D:4-7

Altars:
Qazlal

Annotations:
D:4 Menkaure


Message History

You throw a javelin. The javelin pierces through the goblin.
The goblin is severely wounded.
Throw: 4 javelins
Press: ? - help, Q - select action Shift-Dir - straight line, f/p - goblin You throw a javelin.
The javelin misses the goblin.
You hit the goblin.
You kill the goblin!
Trog accepts your kill.
Things that are here:
a +0 club; a goblin corpse
m - 4 javelins (gained 1)
m - 5 javelins (gained 1)
Found a sling.
You see here a +0 sling.
Menkaure, Prince of Dust comes into view.
Menkaure shouts!
2943 ||| INVOKING Berserk.
A red film seems to cover your vision as you go berserk!
You feel yourself moving faster!
You feel mighty!
The teleport trap disappears.
Menkaure disappears!
You start waiting.
You feel a strong urge to attack something.
You feel your anger nearly subside.
You are no longer berserk.
You are exhausted.
You feel yourself slow down.
HP restored.
You start waiting.
You hear a distant slurping noise.
Menkaure is nearby!
You hit Menkaure but do no damage.
Menkaure mumbles some strange words.
Menkaure seems to speed up.
Menkaure calls on the powers of darkness!
Your body is wracked with pain!
You hit Menkaure but do no damage.
Menkaure calls on the powers of darkness!
Your body is wracked with pain!
Menkaure closely misses you.
You barely miss Menkaure. Menkaure misses you. Menkaure hits you! x2
You die...

.............#####.#.#
......%.....## #.#.# .
............### #.#.#
........#.......####'#'####
........#..................
......###.................#
...... #..................
......###...........<......
..........@M..............#
......###.................#
...!. ############.......
#### ######## .......
####### # # #


You could see Menkaure (fast).

Vanquished Creatures
  A scorpion (D:4)
  4 adders
  2 worms
  A dart slug (D:4)
  7 orcs (D:3)
  2 bats
  2 endoplasms
  A giant cockroach (D:1)
  4 goblins
  6 hobgoblins
  8 jackals
  7 kobolds
  A quokka (D:2)
  2 ball pythons (D:2)
  3 frilled lizards
  3 rats
54 creatures vanquished.

Vanquished Creatures (others)
  8 plants (D:2)
8 creatures vanquished.

Grand Total: 62 creatures vanquished

Notes
Turn   | Place    | Note
-------+----------+-------------------------------------------
     0 | D:1      | qw the Gargoyle Berserker began the quest for the Orb.
     0 | D:1      | Reached XP level 1. HP: 14/14 MP: 1/1
     0 | D:1      | 0 ||| qw: Version: 0.1-a-108-g9e35731
     0 | D:1      | 0 ||| qw: Game counter: 6499
     0 | D:1      | 0 ||| qw: Always use a shield: true
     0 | D:1      | 0 ||| qw: Do Orc after D:15 true
     0 | D:1      | 0 ||| qw: Do second Lair branch before Depths: true
     0 | D:1      | 0 ||| qw: Lair rune preference: random
     0 | D:1      | 0 ||| qw: Plans: Normal
     0 | D:1      | 0 ||| PLANNING D:1-11
   116 | D:1      | 116 ||| Stepping ~*~*~tactically~*~*~ (stealth).
   117 | D:1      | 117 ||| Stepping ~*~*~tactically~*~*~ (stealth).
   122 | D:1      | Reached skill level 3 in Axes
   267 | D:1      | Reached XP level 2. HP: 19/19 MP: 2/2
   313 | D:1      | 313 ||| Stepping ~*~*~tactically~*~*~ (stealth).
   314 | D:1      | 314 ||| Stepping ~*~*~tactically~*~*~ (stealth).
   318 | D:1      | 318 ||| Stepping ~*~*~tactically~*~*~ (stealth).
   876 | D:1      | 876 ||| UPGRADING to +2 pair of gloves.
   881 | D:1      | 881 ||| UPGRADING to +0 leather armour.
   891 | D:1      | 891 ||| DROPPING +0 animal skin.
   892 | D:1      | 892 ||| READING 3 scrolls labelled DAAWKU PIS GOD.
   893 | D:1      | 893 ||| READING scroll labelled JENAR ROESOEC.
   894 | D:1      | 894 ||| READING scroll labelled HUTUKH QIRIU.
   895 | D:1      | 895 ||| READING scroll labelled OTIFAMUAMU.
   896 | D:1      | 896 ||| READING scroll labelled ENWIPR HECYO.
   897 | D:1      | 897 ||| DRINKING 2 metallic emerald potions.
   898 | D:1      | 898 ||| READING 2 scrolls of identify.
   898 | D:1      | 898 ||| IDENTIFYING lumpy grey potion
   970 | D:2      | 970 ||| STAIRDANCE
   972 | D:1      | 972 ||| INVOKING Berserk.
  1085 | D:2      | 1085 ||| STAIRDANCE
  1262 | D:2      | 1262 ||| FLEEEEING.
  1278 | D:2      | Reached skill level 1 in Throwing
  1289 | D:2      | Reached XP level 3. HP: 23/23 MP: 3/3
  1302 | D:2      | 1302 ||| Stepping ~*~*~tactically~*~*~ (stealth).
  1313 | D:2      | 1313 ||| Stepping ~*~*~tactically~*~*~ (stealth).
  1316 | D:2      | 1316 ||| Stepping ~*~*~tactically~*~*~ (stealth).
  1317 | D:2      | 1317 ||| Stepping ~*~*~tactically~*~*~ (stealth).
  1399 | D:2      | 1399 ||| Stepping ~*~*~tactically~*~*~ (stealth).
  1490 | D:2      | Reached ** piety under Trog
  1605 | D:2      | 1605 ||| Stepping ~*~*~tactically~*~*~ (stealth).
  1608 | D:2      | 1608 ||| Stepping ~*~*~tactically~*~*~ (stealth).
  1618 | D:2      | 1618 ||| Stepping ~*~*~tactically~*~*~ (stealth).
  1672 | D:2      | Found a stormy altar of Qazlal.
  1718 | D:2      | 1718 ||| UPGRADING to +0 scale mail.
  1728 | D:2      | 1728 ||| DROPPING +0 leather armour.
  1729 | D:2      | 1729 ||| READING scroll labelled FEIDEJA AHEGU.
  1730 | D:2      | 1730 ||| READING 2 scrolls of identify.
  1730 | D:2      | 1730 ||| IDENTIFYING bubbling dark potion
  1731 | D:2      | 1731 ||| DROPPING potion of brilliance.
  1758 | D:3      | 1758 ||| STAIRDANCE
  1763 | D:2      | Reached skill level 4 in Axes
  1766 | D:3      | 1766 ||| STAIRDANCE
  1820 | D:3      | 1820 ||| SWAPPING to +0 war axe.
  1821 | D:3      | 1821 ||| DROPPING +1 hand axe of freezing.
  1839 | D:3      | Reached XP level 4. HP: 23/28 MP: 4/4
  1840 | D:3      | 1840 ||| INVOKING Berserk.
  1997 | D:3      | 1997 ||| DROPPING +0 flail.
  2432 | D:3      | 2432 ||| Stepping ~*~*~tactically~*~*~ (stealth).
  2691 | D:3      | 2691 ||| UPGRADING to ring of protection from cold.
  2692 | D:3      | 2692 ||| READING scroll labelled NUORONK YNTUAG.
  2693 | D:3      | 2693 ||| READING scroll labelled UGIRHU FIUSOIV.
  2794 | D:3      | 2794 ||| READING scroll labelled QUSESUSK VUBB.
  2799 | D:3      | 2799 ||| READING scroll labelled EJOJENWI CUTONK.
  2800 | D:3      | 2800 ||| READING 2 scrolls of identify.
  2800 | D:3      | 2800 ||| IDENTIFYING white potion
  2816 | D:4      | Noticed a scorpion
  2820 | D:4      | Killed a scorpion
  2821 | D:4      | Reached skill level 5 in Axes
  2821 | D:4      | Reached XP level 5. HP: 32/32 MP: 5/5
  2942 | D:4      | Noticed Menkaure
  2943 | D:4      | 2943 ||| INVOKING Berserk.
  2968 | D:4      | Slain by Menkaure

Levels and vault maps discovered:
D:1:      dpeg_arrival_fog, layout_basic, minmay_tree_intersection
D:2:      layout_rooms, basic_altar, serial_forest,
          infiniplex_forest_clump_small, infiniplex_forest_lined_ring,
          infiniplex_forest_zigzag_2, infiniplex_forest_end_2,
          infiniplex_forest_clump_cross, infiniplex_forest_clump_large,
          infiniplex_forest_clump_curved, palyth_stone_intersect,
          minmay_misc_feat_rows
D:3:      layout_basic, chequers_serial_rivers_small_a, nicolae_eternal_life,
          hex_tiny
D:4:      layout_basic, minmay_temple_entry_tees, minmay_bisected, uniq_menkaure

Skill      XL: |  1  2  3  4 |
---------------+-------------+-----
Axes           | 3 4 5 |  5.2
Throwing       | 1 |  1.0
Fighting       | |  3.3
Armour         | |  2.1
Dodging        | |  1.5

Action                   |  1- 3 |  4- 6 || total
-------------------------+-------+-------++-------
Melee: Hand axe          |    78 |       ||    78
       War axe           |     5 |    58 ||    63
       Punch             |       |     1 ||     1
Throw: Javelin           |    12 |     9 ||    21
Invok: Berserk           |     1 |     2 ||     3
  Use: Scroll            |     8 |     5 ||    13
       Potion            |     1 |       ||     1
Armor: Animal skin       |     8 |       ||     8
       Leather armour    |    16 |       ||    16
       Scale mail        |    13 |    42 ||    55
Dodge: Dodged            |    43 |    40 ||    83

Table legend:
 A = Non-vault XP
 B = Vault XP
 C = Vault XP percentage of total XP
 D = Non-vault monster count
 E = Vault monster count
 F = Vault count percentage of total count
                 A         B        C        D         E       F
            +---------+---------+-------+---------+---------+-------
      Total |     233 |       0 |   0.0 |      54 |       0 |   0.0
            +---------+---------+-------+---------+---------+-------
        D:1 |      27 |       0 |   0.0 |      13 |       0 |   0.0
        D:2 |      49 |       0 |   0.0 |      17 |       0 |   0.0
        D:3 |      71 |       0 |   0.0 |      21 |       0 |   0.0
        D:4 |      86 |       0 |   0.0 |       3 |       0 |   0.0
            +---------+---------+-------+---------+---------+-------
